 Dungeon Crawl Stone Soup version 0.25-a0-589-g1e14c54 (webtiles) character file.

Game seed: 14845483775181263838, levelgen mode: deterministic

7585 BlueFish the Protected (level 10, -1/93 HPs)
             Began as a Minotaur Fighter on Mar 11, 2020.
             Was a Follower of Yredelemnul.
             Slain by a sixfirhy (10 damage)
             ... summoned by a kobold demonologist
             ... on level 9 of the Dungeon.
             The game lasted 00:22:29 (9584 turns).

BlueFish the Protected (Minotaur Fighter)           Turns: 9584, Time: 00:22:30

Health: -1/93      AC: 25    Str: 22    XL:     10   Next: 97%
Magic:  11/11      EV:  5    Int:  5    God:    Yredelemnul [*.....]
Gold:   491        SH:  5    Dex: 12    Spells: 9/9 levels left

rFire    . . .     SeeInvis .   a - +0 long sword
rCold    . . .     Gourm    .   s - +0 buckler
rNeg     . . .     Faith    +   x - +0 crystal plate armour
rPois    .         Spirit   .   (helmet restricted)
rElec    .         Reflect  .   r - +2 cloak {MR+}
rCorr    .         Harm     .   (no gloves)
MR       +....                  l - +0 pair of boots
Stlth    ..........             D - amulet of faith
HPRegen  0.25/turn              h - ring of flight
MPRegen  0.12/turn              (no ring)

@: no status effects
A: retaliatory headbutt, horns 2
a: Animate Remains, Renounce Religion, Evoke Flight


You were on level 9 of the Dungeon.
You worshipped Yredelemnul.
Yredelemnul was aware of your devotion.
You were not hungry.

You visited 2 branches of the dungeon, and saw 15 of its levels.
You also visited: Bailey.

You collected 491 gold pieces.

Inventory:

Hand Weapons
 a - a +0 long sword (weapon)
 n - a +6 short sword of speed
 z - a +2 falchion of holy wrath
Armour
 c - a +0 kite shield
 l - a +0 pair of boots (worn)
 q - a scarf of repulsion
 r - a +2 cloak of magic resistance (worn)
 s - a +0 buckler (worn)
 x - a +0 crystal plate armour (worn)
Jewellery
 h - a ring of flight (left hand)
 j - an uncursed amulet of magic regeneration
 D - an amulet of faith (around neck)
Wands
 d - a wand of clouds (5)
 u - a wand of disintegration (12)
 v - a wand of random effects (10)
 y - a wand of iceblast (7)
 A - a wand of flame (14)
Scrolls
 g - 5 scrolls of remove curse
 p - 2 scrolls of enchant armour
 w - a scroll of amnesia
 C - a scroll of noise {unknown}
Potions
 b - a potion of degeneration {unknown}
 e - 2 potions of cancellation
 i - 2 potions of stabbing {unknown}
 k - 2 potions of brilliance
 m - 2 potions of flight
 o - 3 potions of curing
 t - a potion of haste {unknown}
Comestibles
 f - 19 rations
 B - 2 chunks of flesh


   Skills:
 * Level 10.1 Fighting
 + Level 7.5(9.6) Short Blades
 * Level 10.1(11.2) Long Blades
 * Level 10.6 Armour
 + Level 3.3 Dodging
 * Level 6.1 Shields
 * Level 2.7 Invocations


You had 9 spell levels left.
You didn't know any spells.
Your spell library contained the following spells:

 Spells                   Type           Power        Failure   Level  Hunger
 Animate Skeleton         Necr           N/A          100%        1    ##.....
 Apportation              Tloc           #.....       100%        1    ##.....
 Corona                   Hex            #......      100%        1    ##.....
 Magic Dart               Conj           #...         100%        1    ##.....
 Summon Small Mammal      Summ           #...         100%        1    ##.....
 Blink                    Tloc           N/A          100%        2    ###....
 Call Imp                 Summ           #.......     100%        2    ###....
 Slow                     Hex            #.......     100%        2    ###....
 Conjure Flame            Conj/Fire      #.......     100%        3    ####...
 Mephitic Cloud           Conj/Pois/Air  #.......     100%        3    ####...


Dungeon Overview and Level Annotations

Branches:
Dungeon (14/15)            Temple (1/1) D:7            Lair (0/6) D:8
 Bailey (visited)
    Orc: D:9-12      Vaults: D:13-14

Altars:
Ashenzari
Cheibriados
Dithmenos
Elyvilon
Fedhas
Gozag
Hepliaklqana
Kikubaaqudgha
Makhleb
Nemelex Xobeh
Okawaru
Qazlal
Ru
Sif Muna
Trog
Uskayaw
Vehumet
Wu Jian
Xom
Yredelemnul
Zin
The Shining One

Annotations:
D:9 3 runed translucent doors


Innate Abilities, Weirdness & Mutations

You reflexively headbutt those who attack you in melee.
You have a pair of horns on your head.


Message History

The quasit disappears in a puff of smoke!
The kobold demonologist casts a spell.
The sixfirhy hits you but does no damage.
The kobold demonologist casts a spell.
You block the sixfirhy's attack.
You see here a bullfrog skeleton.
The sixfirhy hits you but does no damage.
The sixfirhy barely misses you.
The sixfirhy hits you but does no damage.
The shadow imp picks up a beetle and eats it.
The sixfirhy hits you but does no damage.
The sixfirhy hits you but does no damage. x3
The quasit disappears in a puff of smoke!
The sixfirhy hits you but does no damage.
The sixfirhy hits you but does no damage.
The sixfirhy hits you.
* * * LOW HITPOINT WARNING * * *
The sixfirhy shocks you!
You die...
Your body rises from the dead as a mindless zombie.

....... #>......# ######
........# #....#
........# ##### #.##.#
........# ##...###.#..#
........# ##.....#....##
.(......#####...........#
.........@3.............#
........####.T..........#
................K.....(.#
.#####.........###5.....#
###.##...## #.K....#
#....(.## #......#
####..## #......# #.##
#K5..#.## ### #....#..#


You could see a troll, a sixfirhy and a kobold.

Vanquished Creatures
  A two-headed ogre (D:8)
  Urug (D:11)
  Pikel (D:6)
  2 kobold demonologists (D:9)
  4 hippogriffs
  A sky beast (D:7)
  An ice beast (D:5)
  3 orc warriors
  3 phantoms
  5 ogres
  A centaur (D:11)
  A crocodile (D:8)
  3 big kobolds
  4 bullfrogs
  8 gnoll sergeants (Bailey)
  9 scorpions
  5 killer bees (D:8)
  A water moccasin skeleton (D:5)
  A howler monkey (D:5)
  4 crimson imps
  A centaur zombie (D:8)
  A quasit (D:6)
  5 hounds
  6 gnoll shamans (Bailey)
  2 jellies
  Crazy Yiuf (D:4)
  4 orc priests
  11 orc wizards
  2 iguanas
  4 worker ants
  A killer bee zombie (D:6)
  2 hound zombies
  A howler monkey zombie (D:7)
  A worker ant zombie (D:7)
  Robin (D:4)
  14 gnolls (Bailey)
  9 adders
  2 shadow imps
  2 adder skeletons
  4 worms
  3 dart slugs
  3 leopard geckos
  31 orcs
  A ball python (D:3)
  3 bats
  A giant cockroach (D:3)
  22 goblins
  5 hobgoblins
  8 jackals
  4 quokkas
  A ball python skeleton (D:4)
  6 frilled lizards
  A jackal skeleton (D:5)
  10 kobolds
  A leopard gecko skeleton (D:4)
  A leopard gecko zombie (D:5)
  2 quokka skeletons
  16 rats
252 creatures vanquished.

Vanquished Creatures (collateral kills)
  An orc wizard (D:8)
1 creature vanquished.

Vanquished Creatures (others)
  A ball python (D:6)
1 creature vanquished.

Grand Total: 254 creatures vanquished

Notes
Turn   | Place    | Note
-------+----------+-------------------------------------------
     0 | D:1      | BlueFish the Minotaur Fighter began the quest for the Orb.
     0 | D:1      | Reached XP level 1. HP: 19/19 MP: 0/0
   171 | D:1      | Reached XP level 2. HP: 26/27 MP: 1/1
   725 | D:2      | Found a shattered altar of Ashenzari.
   779 | D:2      | Reached XP level 3. HP: 19/33 MP: 2/2
   906 | D:2      | Found a bloodstained altar of Trog.
  1723 | D:3      | Reached XP level 4. HP: 41/41 MP: 3/3
  2290 | D:4      | Found a runed translucent door.
  2291 | D:4      | Noticed Crazy Yiuf
  2331 | D:4      | Reached skill level 5 in Fighting
  2331 | D:4      | Reached XP level 5. HP: 14/48 MP: 4/4
  2589 | D:4      | Noticed Robin
  2646 | D:4      | Reached skill level 5 in Armour
  2647 | D:4      | Killed Robin
  2888 | D:4      | Found a shadowy altar of Dithmenos.
  3058 | D:4      | Reached XP level 6. HP: 31/56 MP: 5/5
  3065 | D:4      | Reached skill level 5 in Long Blades
  3075 | D:4      | Reached skill level 1 in Dodging
  3459 | D:4      | Found a stormy altar of Qazlal.
  3870 | D:4      | Killed Crazy Yiuf
  3913 | D:5      | Entered Level 5 of the Dungeon
  3992 | D:5      | Reached XP level 7. HP: 29/63 MP: 6/6
  4421 | D:5      | Reached skill level 1 in Short Blades
  4739 | D:5      | Reached XP level 8. HP: 71/71 MP: 7/7
  5435 | D:6      | Noticed Pikel
  5450 | D:6      | Killed Pikel
  5450 | D:6      | Reached skill level 5 in Short Blades
  5524 | D:6      | Reached XP level 9. HP: 81/81 MP: 8/8
  5579 | D:6      | Found a blossoming altar of Fedhas.
  5808 | D:7      | Found a flagged portal.
  5817 | Bailey   | Entered a bailey
  6018 | Bailey   | Identified the +10 glaive "Hydraslayer" {vorpal, rF++}
  6402 | Bailey   | Got a creamy pearl robe
  6889 | D:7      | Found a staircase to the Ecumenical Temple.
  6963 | Temple   | Entered the Ecumenical Temple
  7047 | Temple   | Became a worshipper of Yredelemnul the Dark
  7159 | D:7      | Found an ancient bone altar of Kikubaaqudgha.
  7204 | D:7      | Reached XP level 10. HP: 86/91 MP: 9/9
  7214 | D:7      | Reached skill level 5 in Shields
  7440 | D:8      | Found a glowing golden altar of the Shining One.
  7571 | D:8      | Reached skill level 1 in Invocations
  7651 | D:8      | Found a staircase to the Lair.
  7900 | D:8      | You fall into a shaft and drop 3 floors!
  7975 | D:11     | You fall into a shaft and drop 2 floors!
  8014 | D:13     | Noticed a cyclops
  8015 | D:13     | Noticed a two-headed ogre
  8085 | D:12     | Noticed a manticore
  8412 | D:11     | Noticed Urug
  8444 | D:11     | Killed Urug
  8530 | D:11     | Noticed a skeletal warrior
  8532 | D:11     | Noticed a skeletal warrior
  8532 | D:11     | Noticed a skeletal warrior
  8532 | D:11     | Noticed a skeletal warrior
  8532 | D:11     | Noticed a skeletal warrior
  8590 | D:11     | Noticed a gargoyle
  8648 | D:10     | Entered Level 10 of the Dungeon
  8657 | D:9      | Found a runed translucent gate.
  8657 | D:9      | Found a runed translucent gate.
  8658 | D:9      | Found a runed translucent gate.
  8956 | D:8      | Noticed a two-headed ogre
  8994 | D:8      | Killed a two-headed ogre
  8994 | D:8      | Reached * piety under Yredelemnul
  8994 | D:8      | Reached skill level 10 in Armour
  9294 | D:8      | Reached skill level 10 in Fighting
  9523 | D:9      | Found a blossoming altar of Fedhas.
  9532 | D:9      | Noticed an orange demon
  9535 | D:9      | Noticed an orange demon
  9547 | D:9      | Reached skill level 10 in Long Blades
  9554 | D:9      | Noticed a soul eater
  9556 | D:9      | Noticed a smoke demon
  9571 | D:9      | Noticed a sixfirhy
  9584 | D:9      | Slain by a sixfirhy

Levels and vault maps discovered:
D:1:      dpeg_arrival_simpleton_b, layout_loops_ring
D:2:      layout_basic, ashenzari_altar_1, bloody_trog
D:3:      layout_loops_cross, first_ration, grunt_ministairs_4
D:4:      layout_layer_cave, nicolae_dithmenos_the_darkroom,
          nicolae_qazlal_general_emergency, uniq_crazy_yiuf_cottage, uniq_robin
D:5:      layout_loops_corners, grunt_ministairs_12
D:6:      layout_basic, basic_altar, uniq_pikel
D:7:      layout_basic, lemuel_coloured_pillars_altar,
          minmay_temple_entry_drinking_statues, enter_bailey_6, grunt_ogre_cave,
          kennysheep_generic_room_7
D:8:      layout_basic, lair_entry_dummy, basic_altar
D:9:      minmay_chambers_of_sevens, layout_rooms, fedhas_altar_3,
          ebering_ghost_rock_garden, minmay_fractal_squares_gapless_7
D:10:     gammafunk_beogh_shrine, layout_loops_ring
D:11:     layout_irregular_city, uniq_urug
D:12:     layout_cave_pools, serial_shops, nicolae_shop_trees, amethyst_killhole
D:13:     layout_basic, serial_shops, shop, gammafunk_ghost_cemetery,
          kennysheep_generic_room_16
D:14:     layout_cave_pods, david_vaults_5, hangedman_decor_riveting,
          grunt_decor_cap
Temple:   eino_temple_scatter_basement

Skill      XL: |  1  2  3  4  5  6  7  8  9 10 |
---------------+-------------------------------+-----
Armour         | 4 5 6 7 9 10 | 10.6
Fighting       | 4 5 6 7 9 10 | 10.1
Shields        | 4 6 |  6.1
Long Blades    | 3 4 5 6 7 8 10 | 10.1
Dodging        | 1 2 3 |  3.3
Short Blades   | 2 5 7 |  7.5
Invocations    | 2 |  2.7

Action                   |  1- 3 |  4- 6 |  7- 9 | 10-12 || total
-------------------------+-------+-------+-------+-------++-------
Melee: Long sword        |    80 |   119 |    11 |   246 ||   456
       Headbutt          |     8 |    29 |    97 |    54 ||   188
       Short sword       |       |     9 |   401 |       ||   410
Invok: Animate Remains   |       |       |       |     2 ||     2
  Use: Scroll            |     5 |     3 |     1 |     8 ||    17
       Potion            |       |     1 |     1 |     1 ||     3
  Eat: Chunk             |     3 |     7 |    10 |     6 ||    26
       Ration            |       |       |       |     1 ||     1
Armor: Scale mail        |    41 |       |       |       ||    41
       Ring mail         |       |    93 |    43 |       ||   136
       Plate armour      |       |       |   109 |       ||   109
       Crystal plate arm |       |       |    27 |   239 ||   266
Dodge: Dodged            |    40 |    63 |   114 |    96 ||   313
Block: Buckler           |       |       |    39 |    68 ||   107
       Rpst.: Long sword |    15 |    20 |       |    21 ||    56

Table legend:
 A = Non-vault XP
 B = Vault XP
 C = Vault XP percentage of total XP
 D = Non-vault monster count
 E = Vault monster count
 F = Vault count percentage of total count
                 A         B        C        D         E       F
            +---------+---------+-------+---------+---------+-------
      Total |    7869 |    2968 |  27.4 |     203 |      50 |  19.8
            +---------+---------+-------+---------+---------+-------
        D:1 |      33 |       0 |   0.0 |      19 |       0 |   0.0
        D:2 |      33 |       0 |   0.0 |      12 |       0 |   0.0
        D:3 |      72 |       4 |   5.3 |      27 |       2 |   6.9
        D:4 |     443 |      80 |  15.3 |      15 |      14 |  48.3
        D:5 |    1009 |       0 |   0.0 |      29 |       0 |   0.0
        D:6 |     655 |     685 |  51.1 |      20 |       1 |   4.8
        D:7 |    1385 |     125 |   8.3 |      28 |       2 |   6.7
        D:8 |    2752 |       0 |   0.0 |      32 |       0 |   0.0
        D:9 |    1142 |       0 |   0.0 |      11 |       0 |   0.0
       D:11 |     345 |     855 |  71.2 |      10 |       1 |   9.1
     Bailey |       0 |    1219 | 100.0 |       0 |      30 | 100.0
            +---------+---------+-------+---------+---------+-------
